Map: Odyssey LE

Players

Juxtapose - Winner!

  • Race: Protoss Protoss
  • Spawn Location: 11:00

Zedder

  • Race: Zerg Zerg
  • League: Gold
  • Spawn Location: 5:00

VOD

https://youtu.be/RkZ7TL3BHOg

Description

My placement match for StarCraft II: Legacy of the Void 2017 Ladder Season 3!

Time

  • Played on: July 23, 2017, 1:34 p.m.
  • Length: 8:24
Show
View Real Time Build Order
Export as new Build Order

Juxtapose Protoss - Winner!

Build Orders:  

Get SALT Encoding   

  12  0:01  Probe (Chrono Boost)  
  13  0:12  Probe (Chrono Boost)  
  14  0:21  Pylon  
  14  0:23  Probe (Chrono Boost)  
  15  0:40  Gateway, Probe (Chrono Boost)  
  16  0:50  Probe (Chrono Boost)  
  16  0:52  Assimilator  
  17  1:01  Probe (Chrono Boost)  
  18  1:08  Pylon  
  19  1:11  Probe (Chrono Boost)  
  19  1:22  Probe (Chrono Boost)  
  20  1:32  Probe (Chrono Boost)  
  21  1:33  Cybernetics Core, Zealot  
  23  1:45  Probe (Chrono Boost)  
  24  1:54  Assimilator  
  24  2:06  Pylon  
  24  2:11  Zealot  
  24  2:15  Probe (Chrono Boost)  
  27  2:25  Probe (Chrono Boost)  
  27  2:27  Forge  
  28  2:31  Pylon  
  28  2:34  Warp Gate (Chrono Boost), Twilight Council  
  28  2:38  Gateway  
  28  2:53  Probe  
  28  2:56  Zealot  
  31  3:00  Protoss Ground Weapons Level 1  
  31  3:15  Mothership Core  
  33  3:24  Gateway  
  33  3:28  Robotics Facility  
  33  3:50  Nexus  
  33  3:59  Pylon  
  33  4:19  Observer  
  34  4:32  Pylon  
  34  4:41  Stalker x2  
  34  4:42  Stalker  
  40  4:57  Immortal  
  40  4:59  Protoss Ground Armor Level 1  
  44  5:02  Charge (Chrono Boost)  
  44  5:05  Probe  
  45  5:08  Probe  
  46  5:15  Probe  
  47  5:26  Probe  
  47  5:29  Zealot x2  
  51  5:37  Probe  
  52  5:43  Immortal  
  52  5:47  Probe  
  57  5:58  Probe  
  57  5:59  Assimilator  
  58  6:06  Sentry x3  
  64  6:15  Probe  
  64  6:17  Pylon  
  65  6:22  Immortal  
  69  6:26  Probe  
  69  6:31  Stalker  
  72  6:35  Zealot x2  
  76  6:41  Probe  
  77  6:51  Assimilator, Probe  
  78  6:58  Gateway  
  78  7:03  Gateway  
  78  7:07  Pylon  
  78  7:15  Probe  
  79  7:25  Probe  
  80  7:36  Probe  
  75  7:46  Probe  
  75  7:47  Zealot  
  75  7:48  Zealot x2  
Show
View Real Time Build Order
Export as new Build Order

Zedder Zerg 

Build Orders: Pool First 

Get SALT Encoding   

  12  0:04  Drone  
  13  0:10  Drone  
  14  0:17  Overlord  
  14  0:32  Extractor  
  14  0:34  Drone  
  14  0:41  Spawning Pool  
  13  0:44  Drone  
  13  0:48  Drone  
  15  0:52  Drone  
  16  1:02  Drone  
  17  1:10  Drone  
  18  1:37  Hatchery  
  17  1:44  Drone x3  
  20  1:49  Queen  
  22  1:57  Overlord  
  22  2:03  Metabolic Boost  
  22  2:16  Zergling x2  
  23  2:33  Lair  
  23  2:53  Drone x3  
  23  2:54  Drone  
  23  2:57  Extractor  
  26  3:08  Zergling x2  
  27  3:17  Drone x5  
  32  3:22  Drone  
  32  3:23  Queen  
  35  3:31  Evolution Chamber  
  34  3:51  Drone x2  
  34  3:54  Overlord x2  
  36  3:56  Overlord  
  36  3:59  Zerg Ground Armor Level 1, Burrow  
  36  4:05  Spore Crawler  
  35  4:16  Extractor  
  34  4:19  Extractor  
  34  4:20  Spore Crawler  
  34  4:22  Drone x3  
  34  4:23  Drone x5  
  40  4:34  Zergling x4  
  42  4:41  Pneumatized Carapace  
  42  4:45  Hydralisk Den  
  42  4:52  Spore Crawler  
  40  4:55  Overlord  
  40  5:07  Roach Warren  
  40  5:09  Overseer  
  40  5:12  Overseer  
  39  5:39  Drone x2  
  39  5:40  Drone x5  
  46  5:58  Zerg Ground Armor Level 2  
  46  6:00  Muscular Augments  
  46  6:03  Glial Reconstitution  
  46  6:05  Drone x3  
  46  6:06  Drone  
  50  6:20  Queen  
  50  6:22  Roach x3  
  50  6:23  Roach, Hatchery  
  50  6:24  Overlord x2  
  59  6:33  Spire  
  59  6:39  Evolution Chamber  
  57  6:56  Drone  
  57  6:57  Drone  
  57  6:59  Roach x2  
  57  7:00  Roach x4  
  70  7:11  Roach x2  
  74  7:26  Roach  
  74  7:29  Overlord  
  76  7:30  Overlord  
  61  7:49  Roach x6  
Tags
 
League
Gold
Matchup
PvZ
Opening
Pool First
Spawn Locations
Cross Positions
Add a new tag
Caveats
  • Supply blocks, unpowered buildings, or Contaminate may cause inaccurate times.
  • Supply counts are checked every 10 seconds.